 Dungeon Crawl Stone Soup version 0.30.0-11-gf55b779eaf (webtiles) character file.

Game seed: 2506251076630005733

9072 Sobieck the Nimble (level 11, 0/72 HPs)
             Began as a Kobold Gladiator on May 16, 2023.
             Was a Priest of Ru.
             Succumbed to an orange demon's poison
             ... on level 11 of the Dungeon.
             The game lasted 00:22:26 (11117 turns).

Sobieck the Nimble (Kobold Gladiator)              Turns: 11117, Time: 00:22:26

Health: 0/72       AC: 11    Str: 11    XL:     11   Next: 67%
Magic:  11/11      EV: 19    Int: 10    God:    Ru [***...]
Gold:   455        SH:  9    Dex: 21    Spells: 10/10 levels left

rFire   + . .        b - +2 dagger (elec) {short}
rCold   . . .        W - +0 buckler
rNeg    . . .        D - +0 ring mail
rPois   +            c - +1 helmet
rElec   .            (no cloak)
rCorr   .            (no gloves)
SInv    .            K - +2 pair of boots
Will    .....        j - amulet of reflection
Stlth   +++++        U - ring of poison resistance
HPRegen 0.32/turn    N - ring of protection from fire
MPRegen 0.12/turn

%: reflection
@: lethally poisoned (0 -> -11), unable to drink
A: small, no large weapons, nightstalker 3, inability to drink after injury 2,
no conjurations magic, no earth magic, no hexes magic, weak-willed 1
a: Renounce Religion, Draw Out Power


You were on level 11 of the Dungeon.
You worshipped Ru.
Ru was most pleased with you.
You visited 2 branches of the dungeon, and saw 14 of its levels.
You also visited: Ossuary.

You collected 854 gold pieces.
You spent 399 gold pieces at shops.


Innate Abilities, Weirdness & Mutations

You are small and have problems with some larger weapons.
You are completely attuned to the shadows.
You sometimes lose the ability to drink potions when taking damage.
You cannot study or cast Conjurations magic.
You cannot study or cast Earth magic.
You cannot study or cast Hexes magic.
You are slightly weak-willed. (Will-)


   Skills:
 - Level 10.0 Fighting
 - Level 10.0 Short Blades
 - Level 2.1 Throwing
 + Level 6.2 Armour
 - Level 11.0 Dodging
 - Level 10.0 Stealth


You had 10 spell levels left.
You didn't know any spells.
Your spell library contained the following spells:

 Spells                   Type           Power      Damage    Failure   Level
 Vampiric Draining        Necr           0%         2d6       98%         3
 Slow                     Hex            Unusable   N/A       N/A         1
 Confusing Touch          Hex            Unusable   N/A       N/A         3
 Stone Arrow              Conj/Erth      Unusable   3d7       N/A         3
 Animate Armour           Summ/Erth      Unusable   N/A       N/A         4
 Lehudib's Crystal Spear  Conj/Erth      Unusable   10d2      N/A         8

Inventory:

Hand Weapons
 a - a +0 rapier of protection {short}
 b - a +2 dagger of electrocution (weapon) {short}
   (You took it off Ijyb on level 3 of the Dungeon)
Missiles
 d - 6 throwing nets (quivered) {=f!fthrowing}
 e - 10 boomerangs {throwing}
 h - 109 stones {throwing}
 r - 2 curare-tipped darts {=fthrowing}
 H - 43 poisoned darts {throwing}
Armour
 c - a +1 helmet (worn)
 f - a +0 ring mail
   (You found it on level 1 of the Dungeon)
 o - a +0 plate armour
   (You found it on level 2 of the Dungeon)
 A - a +0 scale mail
   (You found it on level 3 of the Dungeon)
 D - a +0 ring mail (worn)
   (You took it off an orc on level 4 of the Dungeon)
 G - a +0 ring mail
   (You took it off an orc on level 4 of the Dungeon)
 K - a +2 pair of boots (worn)
   (You found it on level 5 of the Dungeon)
 L - a +0 leather armour
   (You found it on level 5 of the Dungeon)
 M - a +0 robe
   (You took it off an orc wizard on level 5 of the Dungeon)
 P - a +0 chain mail
   (You found it on level 5 of the Dungeon)
 R - a +0 ring mail
   (You took it off an orc on level 5 of the Dungeon)
 S - a +0 leather armour
   (You took it off an orc priest on level 5 of the Dungeon)
 T - a +0 scale mail
   (You took it off a wight on level 7 of the Dungeon)
 V - a +0 robe
   (You took it off a gnoll bouda on level 6 of the Dungeon)
 W - a +0 buckler (worn)
   (You found it on level 6 of the Dungeon)
 X - a +0 ring mail
   (You took it off an orc on level 6 of the Dungeon)
 Z - a +0 plate armour
   (You found it on level 7 of the Dungeon)
Jewellery
 j - an amulet of reflection (around neck)
   (You found it on level 1 of the Dungeon)
 t - a +4 ring of protection
   (You found it on level 11 of the Dungeon)
 v - a ring of wizardry
   (You found it on level 3 of the Dungeon)
 N - a ring of protection from fire (right hand)
   (You found it on level 5 of the Dungeon)
 U - a ring of poison resistance (left hand)
   (You found it on level 6 of the Dungeon)
Wands
 z - a wand of digging (4)
   (You took it off Ijyb on level 3 of the Dungeon)
 F - a wand of iceblast (7)
   (You found it on level 8 of the Dungeon)
 I - a wand of polymorph (6)
   (You found it on level 5 of the Dungeon)
Scrolls
 k - 2 scrolls of noise {!r}
 m - a scroll of poison {!r}
 w - a scroll of vulnerability {!r!r}
 x - 3 scrolls of blinking {!r}
 y - 2 scrolls of fear
 E - a scroll of silence {!r}
 Q - 4 scrolls of enchant armour
 Y - a scroll of teleportation {@r4}
Potions
 g - 3 potions of mutation {!q}
 i - a potion of haste {@q3}
 l - 8 potions of brilliance
 n - 2 potions of flight
 p - 6 potions of lignification {!q}
 q - 6 potions of curing {@q1}
 s - a potion of ambrosia
 u - a potion of berserk rage {!q}
 B - 3 potions of heal wounds {@q2}
 C - a potion of invisibility
 J - 4 potions of cancellation
 O - 3 potions of magic

Dungeon Overview and Level Annotations

Branches:
Dungeon (13/15) Zot: 26798  Temple (1/1) D:4 Zot: 5808    Lair (0/5) D:9
    Orc (0/2) D:9         Ossuary (visited)
 Vaults: D:13-14

Altars:
Ashenzari
Dithmenos
Elyvilon
Fedhas
Gozag
Kikubaaqudgha
Makhleb
Nemelex Xobeh
Okawaru
Qazlal
Ru
Sif Muna
Trog
Uskayaw
Vehumet
Wu Jian
Xom
Yredelemnul
Zin
The Shining One

Shops:
D:7 (   D:9 ?

Annotations:
D:5 1 runed translucent door, sampeng1's ghost, novice HuFi
D:7 2 transporters
D:10 Amaemon

#########
#.......#
#.#####.#
#.# #.######
#.#
#......#####
#.#
#.####.##...
#.#####.#
#...#.##
#@......#
#.#.....
#######.#
#...#.## #.#
#####[## #.#
#....... #.#
#.......
#.......
#.......
.........
#........


There were no monsters in sight!


Message History

You hit the yak. You hit the yak but do no damage.
Amaemon hisses.
You block the yak's attack.
An orange demon comes into view.
You hit the yak but do no damage. You hit the yak.
Lightning courses through the yak!
You kill the yak!
Amaemon barely misses you. Amaemon claws you but does no damage.
Amaemon closely misses you.
You hit Amaemon. You hit Amaemon but do no damage.
Amaemon gestures wildly while chanting.
You miss Amaemon. The orange demon stings you from afar!
You are poisoned.
You have difficulty breathing.
You feel yourself slow down.
Amaemon hits you with a -2 demon whip of venom.
You are more poisoned.
Amaemon misses you. x2
You closely miss Amaemon.
You feel very sick.
Amaemon hits you with a -2 demon whip of venom.
You focus your inner power and illuminate Amaemon in retribution!
You block Amaemon's attack. Amaemon barely misses you.
The orange demon misses you.
Unknown command.
Amaemon attacks as you move away! You block Amaemon's attack.
Amaemon misses you. Amaemon tail-slaps you.
The scorpion attacks as you move away!
The scorpion stings you but does no damage.
You feel very sick.
Amaemon stops glowing.
You block the scorpion's attack. x2
The scorpion stings you but does no damage.
The scorpion closely misses you.
You see here a yak corpse.
The scorpion attacks as you move away! The scorpion misses you.
The scorpion attacks as you move away! The scorpion misses you.
You feel very sick. The scorpion misses you. The scorpion barely misses you.
The scorpion completely misses you.
Amaemon whispers, "Once I find the ORB, I'll be cured.
I'll be normal again!"
Amaemon gestures at the scorpion while chanting.
The scorpion seems to grow toxic.
You block the orange demon's attack. The scorpion attacks as you move away!
The scorpion closely misses you.
You feel very sick. The scorpion barely misses you.
The scorpion closely misses you. The scorpion misses you.
The scorpion attacks as you move away! The scorpion barely misses you.
You feel sick.
The scorpion is stunned by your conviction and fails to attack.
The scorpion stings you but does no damage.
The scorpion closely misses you. You block the orange demon's attack.
The scorpion attacks as you move away! You block the scorpion's attack.
You feel sick.
The orange demon no longer looks unusually toxic.
Amaemon points at the scorpion and mumbles some strange words.
The scorpion seems to grow toxic.
There is a stone staircase leading down here.
Unknown command.
You feel sick.
The scorpion stings you but does no damage.
The scorpion is stunned by your conviction and fails to attack.
You block the scorpion's attack. The orange demon barely misses you.
You block the scorpion's attack. The scorpion stings you.
You feel threatened and lose the ability to drink potions!
* * * LOW HITPOINT WARNING * * *
The scorpion closely misses you. The orange demon stings you from afar.
* * * LOW HITPOINT WARNING * * *
You are lethally poisoned!
The orange demon poisons you!
You climb downwards.
* * * LOW HITPOINT WARNING * * *
You feel extremely sick.
There is a stone staircase leading up here.
Unknown command.
There is a lethal amount of poison in your body!
Unknown command.
There is a lethal amount of poison in your body!
Unknown command.
There is a lethal amount of poison in your body!
Unknown command.
You cannot drink potions in your current state!
Unknown command.
Unknown command.
There is a lethal amount of poison in your body!
Unknown command.
Unknown command.
You cannot drink potions in your current state!
Unknown command.
Unknown command.
You cannot drink potions in your current state!
You cannot drink potions in your current state!
There is a lethal amount of poison in your body!
Unknown command.
Unknown command.
* * * LOW HITPOINT WARNING * * *
You feel very sick.
You feel yourself speed up.
You die...

Skill      XL: |  1  2  3  4  5  6  7  8  9 10 11 |
---------------+----------------------------------+-----
Stealth        | 1 2 3 4 5 7 9 10 | 10.0
Dodging        | 4 5 6 7 8 9 11 | 11.0
Fighting       | 3 4 5 6 8 9 10 | 10.0
Short Blades   | 5 6 8 10 | 10.0
Armour         | 1 3 6 |  6.2
Throwing       | |  2.1

Action                     |  1- 3 |  4- 6 |  7- 9 | 10-12 || total
---------------------------+-------+-------+-------+-------++-------
  Melee: Rapier            |    89 |    45 |       |       ||   134
         Dagger            |       |    68 |   379 |   452 ||   899
         Punch             |       |     1 |     2 |       ||     3
 Invoke: Sacrifice Drink   |       |       |     1 |       ||     1
         Sacrifice Essence |       |       |       |     1 ||     1
         Sacrifice Arcana  |       |       |       |     1 ||     1
    Use: Scroll            |       |     8 |     5 |    10 ||    23
   Stab: Sleeping          |    20 |    17 |    19 |    29 ||    85
         Distracted        |       |     1 |     2 |     5 ||     8
 Armour: Leather armour    |    10 |    12 |    58 |       ||    80
         Ring mail         |       |       |     2 |    44 ||    46
  Dodge: Dodged            |    28 |    69 |   250 |   137 ||   484
  Block: Other             |    11 |    17 |    44 |       ||    72
         Reflection        |     1 |       |     4 |     6 ||    11
         Buckler           |       |       |    56 |   111 ||   167

Levels and vault maps discovered:
D:1:      ncdulo_watergridlock, layout_basic
D:2:      layout_loops_ring, basic_altar, amcnicky_mini_pool_small
D:3:      layout_basic, amcnicky_altar_gilded, mainiacjoe_overflow_two_lobes,
          nicolae_overflow_ecumenical_swirl, ebering_ecumenical_altar_rust,
          uniq_ijyb
D:4:      layout_loops_ring, kennysheep_ying_yang, okawaru_gym_becter,
          minmay_temple_entry_junction
D:5:      layout_loops_ring, lemuel_doored_altar, marbit_many_paths,
          gammafunk_ghost_grave, goddamned_bats
D:6:      layout_basic, minmay_misc_feat_secret_circle
D:7:      layout_cave_pools, nicolae_overflow_quartered_altars,
          gammafunk_ghost_hive, kennysheep_windowed_goal, uniq_prince_ribbit1,
          uniq_joseph
D:8:      minmay_opposing_rooms, layout_rooms, chequers_ossuary_entry_cave
D:9:      layout_loops_ring, lair_entry_dummy, hiddenorc1_lemuel, serial_shops,
          shop_fountains, bh_circular_ruins
D:10:     layout_long_grid, cheibrodos_worm_habitat,
          mainiacjoe_overflow_cross_hatched, serial_glass, glass_columns_c,
          glass_columns_a, glass_columns_a, glass_columns_c, item_on_display_a,
          feat_on_display, minmay_strange_pillars, item_on_display_a,
          uniq_erolcha, uniq_gastronok, uniq_erica, uniq_amaemon
D:11:     layout_loops_cross, grunt_decor_mini_mirrors
D:12:     hourglass_vault, layout_basic, gauntlet_entry_generic,
          bh_hangedman_babel_library
D:13:     layout_layer_cave, einodemon_armed_red_devil_minivault, uniq_nessos
Temple:   nicolae_temple_superstar

Notes
Turn   | Place    | Note
-------+----------+-------------------------------------------
     0 | D:1      | Sobieck the Kobold Gladiator began the quest for the Orb.
     0 | D:1      | Reached XP level 1. HP: 12/12 MP: 1/1
   232 | D:1      | Reached XP level 2. HP: 13/18 MP: 2/2
   233 | D:1      | Reached skill level 1 in Stealth
   657 | D:1      | Reached XP level 3. HP: 22/22 MP: 3/3
   691 | D:1      | Reached skill level 4 in Dodging
  1259 | D:2      | Reached skill level 2 in Stealth
  1535 | D:2      | Found a glowing silver altar of Zin.
  1563 | D:2      | Reached XP level 4. HP: 27/27 MP: 4/4
  1670 | D:2      | Reached skill level 3 in Fighting
  1800 | D:3      | Found a bloodstained altar of Trog.
  1966 | D:3      | Found a faded altar of an unknown god.
  1970 | D:3      | Found a sparkling altar of Nemelex Xobeh.
  2092 | D:3      | Found a faded altar of an unknown god.
  2330 | D:3      | Noticed Ijyb
  2338 | D:3      | HP: 2/28 [Ijyb/+0 dagger of electrocution (18)]
  2349 | D:3      | Killed Ijyb
  2350 | D:3      | Reached skill level 5 in Short Blades
  2350 | D:3      | Reached XP level 5. HP: 6/32 MP: 5/5
  2351 | D:3      | HP: 5/32 [bat (1)]
  2909 | D:3      | Found a shimmering altar of Xom.
  2938 | D:3      | Reached skill level 3 in Stealth
  2945 | D:3      | Found a broken altar of Ashenzari.
  3365 | D:4      | Noticed a black bear
  3375 | D:4      | HP: 7/32 [black bear (4)]
  3377 | D:4      | HP: 3/32 [black bear (2)]
  3378 | D:4      | Killed a black bear
  3379 | D:4      | Reached skill level 5 in Dodging
  3379 | D:4      | Reached XP level 6. HP: 3/38 MP: 6/6
  3532 | D:4      | You pick up a book of Debilitation and begin reading...
  3532 | D:4      | You add the spells Slow, Vampiric Draining and Confusing
                  | Touch to your library.
  3572 | D:4      | Reached skill level 4 in Fighting
  3572 | D:4      | Reached skill level 4 in Stealth
  3778 | D:4      | Found a staircase to the Ecumenical Temple.
  3792 | Temple   | Entered the Ecumenical Temple
  3970 | Temple   | Became a worshipper of Ru the Awakened
  3992 | D:4      | Found an iron altar of Okawaru.
  4051 | D:4      | Noticed an ogre
  4053 | D:4      | Killed an ogre
  4054 | D:4      | Reached skill level 6 in Short Blades
  4054 | D:4      | Reached XP level 7. HP: 44/44 MP: 7/7
  4342 | D:4      | Found a white marble altar of Elyvilon.
  4399 | D:4      | Found a basalt altar of Yredelemnul.
  4543 | D:5      | Entered Level 5 of the Dungeon
  4556 | D:5      | Reached skill level 5 in Stealth
  4865 | D:5      | Reached skill level 6 in Dodging
  4986 | D:5      | Reached skill level 5 in Fighting
  4986 | D:5      | Reached XP level 8. HP: 49/49 MP: 8/8
  5048 | D:5      | Reached skill level 7 in Short Blades
  5064 | D:5      | Reached skill level 6 in Stealth
  5151 | D:5      | Found a blossoming altar of Fedhas.
  5314 | D:5      | Found a runed translucent door.
  5314 | D:5      | Noticed sampeng1's ghost (novice HuFi)
  5559 | D:5      | Gained mutation: You occasionally lose the ability to drink
                  | potions when taking damage. [Ru sacrifice]
  5559 | D:5      | Gained mutation: You sometimes lose the ability to drink
                  | potions when taking damage. [Ru sacrifice]
  5559 | D:5      | Reached * piety under Ru
  5709 | D:5      | Found a radiant altar of Vehumet.
  6032 | D:6      | Reached skill level 7 in Dodging
  6085 | D:6      | Reached skill level 6 in Fighting
  6085 | D:6      | Reached skill level 7 in Stealth
  6090 | D:6      | Reached skill level 8 in Short Blades
  6090 | D:6      | Reached XP level 9. HP: 48/55 MP: 9/9
  6986 | D:6      | Reached skill level 8 in Dodging
  7006 | D:7      | Noticed Prince Ribbit
  7014 | D:7      | Killed Prince Ribbit
  7015 | D:7      | Reached skill level 7 in Fighting
  7015 | D:7      | Reached skill level 9 in Short Blades
  7334 | D:7      | Reached skill level 10 in Short Blades
  7356 | D:7      | Reached skill level 8 in Fighting
  7385 | D:7      | Found an ornate altar of the Wu Jian Council.
  7396 | D:7      | Found a shadowy altar of Dithmenos.
  7472 | D:7      | Found a transporter.
  7473 | D:7      | Found a transporter.
  7479 | D:7      | Noticed a hornet
  7516 | D:7      | Noticed a queen bee
  7606 | D:7      | You pick up a book of Armaments and begin reading...
  7606 | D:7      | You add the spells Stone Arrow, Animate Armour and
                  | Lehudib's Crystal Spear to your library.
  7665 | D:7      | Reached skill level 1 in Armour
  7665 | D:7      | Reached XP level 10. HP: 54/64 MP: 10/10
  7729 | D:7      | Noticed Joseph
  7747 | D:7      | Killed Joseph
  7779 | D:7      | Found Xeir's Antique Weapon Emporium.
  7797 | D:7      | Gained mutation: You are slightly weak-willed. (Will-) [Ru
                  | sacrifice]
  7797 | D:7      | Reached ** piety under Ru
  7896 | D:7      | Found a burning altar of Makhleb.
  7906 | D:7      | Found an ancient bone altar of Kikubaaqudgha.
  8041 | D:8      | Reached skill level 2 in Armour
  8041 | D:8      | Reached skill level 8 in Stealth
  8129 | D:8      | Noticed a cyclops
  8139 | D:8      | Killed a cyclops
  8221 | D:8      | Reached skill level 9 in Dodging
  8293 | D:8      | Found a sand-covered staircase.
  8299 | Ossuary  | Entered an ossuary
  8730 | D:8      | Reached skill level 9 in Fighting
  8755 | D:8      | Reached skill level 3 in Armour
  8773 | D:8      | Reached skill level 9 in Stealth
  9651 | D:9      | Found Etanladu's Magic Scroll Shop.
  9664 | D:9      | Bought a scroll of brand weapon for 133 gold pieces
  9664 | D:9      | Bought a scroll of enchant weapon for 105 gold pieces
  9664 | D:9      | Bought a scroll of fear for 56 gold pieces
  9664 | D:9      | Bought a scroll of blinking for 105 gold pieces
  9728 | D:9      | Reached XP level 11. HP: 71/71 MP: 11/11
  9962 | D:9      | Found a staircase to the Lair.
 10097 | D:9      | Reached skill level 10 in Dodging
 10165 | D:9      | Reached skill level 4 in Armour
 10165 | D:9      | Reached skill level 10 in Stealth
 10308 | D:9      | Gained mutation: You cannot study or cast Earth magic. [Ru
                  | sacrifice]
 10308 | D:9      | Gained mutation: You cannot study or cast Hexes magic. [Ru
                  | sacrifice]
 10308 | D:9      | Gained mutation: You cannot study or cast Conjurations
                  | magic. [Ru sacrifice]
 10308 | D:9      | Reached *** piety under Ru
 10580 | D:9      | Found a staircase to the Orcish Mines.
 10658 | D:10     | Entered Level 10 of the Dungeon
 10753 | D:10     | You fall into a shaft and drop 3 floors!
 10789 | D:12     | Noticed a boulder beetle
 10806 | D:12     | Killed a boulder beetle
 10807 | D:12     | Reached skill level 10 in Fighting
 11030 | D:11     | Noticed a boulder beetle
 11034 | D:11     | Killed a boulder beetle
 11035 | D:11     | Reached skill level 5 in Armour
 11035 | D:11     | Reached skill level 11 in Dodging
 11074 | D:10     | Noticed a two-headed ogre
 11077 | D:10     | Killed a two-headed ogre
 11089 | D:10     | Reached skill level 6 in Armour
 11094 | D:10     | Noticed Amaemon
 11115 | D:11     | HP: 9/72 [poisoned by an orange demon]
 11116 | D:11     | HP: 3/72 [poisoned by an orange demon]
 11117 | D:11     | Succumbed to an orange demon's poison

Vanquished Creatures
  2 boulder beetles
  A two-headed ogre (D:10)
  A cyclops (D:8)
  Joseph (D:7)
  A tengu conjurer (D:9)
  A hornet (D:8)
  Prince Ribbit (D:7)
  7 yaks
  2 shadows (D:9)
  A wraith (D:10)
  A vampire mosquito (D:8)
  A water moccasin (D:7)
  2 sky beasts
  7 orc warriors
  2 ice beasts
  5 black bears
  2 ogres
  A centaur (D:4)
  4 kobold brigands
  A gnoll sergeant (D:9)
  3 bullfrogs
  3 scorpions
  5 wights
  5 howler monkeys (D:9)
  A vampire bat (D:5)
  3 jellies
  6 orc priests
  2 hounds
  A sleepcap (D:5)
  A gnoll bouda (D:6)
  2 iguanas
  5 orc wizards
  Ijyb (D:3)
  2 human simulacra (D:9)
  8 mummies (Ossuary)
  15 gnolls
  8 adders
  A shadow imp (D:8)
  2 white imps
  An ufetubus (D:6)
  5 dart slugs
  3 fire bats (D:5)
  55 orcs
  2 spectral bats (D:5)
  5 ball pythons
  14 bats
  3 bat skeletons (D:5)
  A bat zombie (D:5)
  6 endoplasms
  4 giant cockroaches
  11 goblins
  6 hobgoblins
  4 quokkas
  A bat simulacrum (D:5)
  5 frilled lizards
  3 gnoll zombies (Ossuary)
  2 hobgoblin zombies (Ossuary)
  23 kobolds
  A kobold zombie (Ossuary)
  2 orc zombies (Ossuary)
  7 rats
282 creatures vanquished.

Vanquished Creatures (others)
  A steam dragon (D:9)
  A gnoll (D:6)
  An orc (D:9)
  3 kobolds
6 creatures vanquished.

Grand Total: 288 creatures vanquished

Table legend:
 A = Non-vault XP
 B = Vault XP
 C = Vault XP percentage of total XP
 D = Non-vault monster count
 E = Vault monster count
 F = Vault count percentage of total count
                 A         B        C        D         E       F
            +---------+---------+-------+---------+---------+-------
      Total |   10148 |    2812 |  21.7 |     214 |      70 |  24.6
            +---------+---------+-------+---------+---------+-------
        D:1 |      38 |       0 |   0.0 |      24 |       0 |   0.0
        D:2 |      50 |       0 |   0.0 |      21 |       0 |   0.0
        D:3 |      58 |      35 |  37.6 |      17 |       1 |   5.6
        D:4 |     509 |       0 |   0.0 |      20 |       0 |   0.0
        D:5 |     612 |     179 |  22.6 |      23 |      21 |  47.7
        D:6 |    1121 |       0 |   0.0 |      24 |       0 |   0.0
        D:7 |    1079 |     827 |  43.4 |      25 |       5 |  16.7
        D:8 |     662 |    1395 |  67.8 |      13 |       9 |  40.9
        D:9 |    1967 |     225 |  10.3 |      34 |      18 |  34.6
       D:10 |    2280 |       0 |   0.0 |       8 |       0 |   0.0
       D:11 |     962 |       0 |   0.0 |       4 |       0 |   0.0
       D:12 |     810 |       0 |   0.0 |       1 |       0 |   0.0
    Ossuary |       0 |     151 | 100.0 |       0 |      16 | 100.0
            +---------+---------+-------+---------+---------+-------

Skill      XL: |  1  2  3  4  5  6  7  8  9 10 11 |
---------------+----------------------------------+-----
Stealth        | 1 2 3 4 5 7 9 10 | 10.0
Dodging        | 4 5 6 7 8 9 11 | 11.0
Fighting       | 3 4 5 6 8 9 10 | 10.0
Short Blades   | 5 6 8 10 | 10.0
Armour         | 1 3 6 |  6.2
Throwing       | |  2.1

Action                     |  1- 3 |  4- 6 |  7- 9 | 10-12 || total
---------------------------+-------+-------+-------+-------++-------
  Melee: Rapier            |    89 |    45 |       |       ||   134
         Dagger            |       |    68 |   379 |   452 ||   899
         Punch             |       |     1 |     2 |       ||     3
 Invoke: Sacrifice Drink   |       |       |     1 |       ||     1
         Sacrifice Essence |       |       |       |     1 ||     1
         Sacrifice Arcana  |       |       |       |     1 ||     1
    Use: Scroll            |       |     8 |     5 |    10 ||    23
   Stab: Sleeping          |    20 |    17 |    19 |    29 ||    85
         Distracted        |       |     1 |     2 |     5 ||     8
 Armour: Leather armour    |    10 |    12 |    58 |       ||    80
         Ring mail         |       |       |     2 |    44 ||    46
  Dodge: Dodged            |    28 |    69 |   250 |   137 ||   484
  Block: Other             |    11 |    17 |    44 |       ||    72
         Reflection        |     1 |       |     4 |     6 ||    11
         Buckler           |       |       |    56 |   111 ||   167

Illustrated notes

Table legend:
 A = Kills in this place as a percentage of kills in the entire game.
 B = Kills by you in this place as a percentage of kills by you in the entire game.
 C = Kills by friends in this place as a percentage of kills by friends in the entire game.
 D = Other kills in this place as a percentage of other kills in the entire game.
 E = Experience gained in this place as a percentage of experience gained in the entire game.
 F = Experience gained in this place divided by the number of levels of this place that you have seen.
                   A       B       C       D       E      F
               +-------+-------+-------+-------+-------+----------------------
         Total | 100.0 | 100.0 |   N/A | 100.0 | 100.0 | 864.0
       Dungeon |  94.4 |  94.3 |   N/A | 100.0 |  98.8 | 985.3
       Ossuary |   5.6 |   5.7 |   N/A |   0.0 |   1.2 | 151.0
               +-------+-------+-------+-------+-------+----------------------

Table legend: (Time is in decaauts)
 A = Elapsed time spent in this place.
 B = Non-inter-level travel time spent in this place.
 C = Inter-level travel time spent in this place.
 D = Time resting spent in this place.
 E = Time spent auto-exploring this place.
 F = Levels seen in this place.
 G = Mean time per level.
                   A        B        C        D        E       F      G
               +--------+--------+--------+--------+--------+-----+--------+
         Total |  10759 |  10276 |    483 |    866 |   7432 |  15 |  717.3 |
       Dungeon |  10324 |   9854 |    470 |    866 |   7292 |  13 |  794.2 |
        Temple |    191 |    178 |     13 |      0 |    136 |   1 |  191.0 |
       Ossuary |    243 |    243 |      0 |      0 |      4 |   1 |  243.0 |
               +--------+--------+--------+--------+--------+-----+--------+

Top non-repeatable levels by time:
     D:4: 1363 daAuts
     D:3: 1348 daAuts
     D:9: 1221 daAuts
     D:5: 1140 daAuts
     D:6: 1091 daAuts
     D:1: 1048 daAuts
     D:8: 1042 daAuts
     D:7: 940 daAuts
     D:2: 684 daAuts
 Ossuary: 243 daAuts
  Temple: 191 daAuts
    D:11: 167 daAuts
    D:12: 135 daAuts
    D:10: 127 daAuts
    D:13: 12 daAuts
